 Dungeon Crawl Stone Soup version 0.28-a0-804-g60983d4ba9 (webtiles) character file.

Game seed: 10812538663199054770

56 vurker the Gusty (level 3, -2/20 HPs)
             Began as a Tengu Air Elementalist on Nov 7, 2021.
             Slain by Sigmund (6 damage)
             ... on level 2 of the Dungeon.
             The game lasted 00:02:42 (1854 turns).

vurker the Gusty (Tengu Air Elementalist)           Turns: 1854, Time: 00:02:43

Health: -2/20      AC:  2    Str:  8    XL:     3   Next: 95%
Magic:  5/8        EV: 12    Int: 16    God:
Gold:   74         SH:  0    Dex: 14    Spells: 6/7 levels left

rFire   . . .      SeeInvis .   f - +1 spear (venom)
rCold   . . .      Faith    .   (no shield)
rNeg    . . .      Spirit   .   a - +0 robe
rPois   .          Reflect  .   (helmet restricted)
rElec   .          Harm     .   (no cloak)
rCorr   .          Rampage  .   (no gloves)
Will    .....                   (boots unavailable)
Stlth   ++........              (no amulet)
HPRegen 0.06/turn               (no ring)
MPRegen 0.11/turn               (no ring)

@: mighty, brilliant
A: beak, talons 3
a: no special abilities


You were on level 2 of the Dungeon.
You visited 1 branch of the dungeon, and saw 2 of its levels.

You collected 96 gold pieces.
You spent 22 gold pieces at shops.

Inventory:

Hand Weapons
 f - a +1 spear of venom (weapon)
   (You found it on level 2 of the Dungeon)
Armour
 a - a +0 robe (worn)
Scrolls
 b - 2 scrolls of identify
 d - 2 scrolls of amnesia {unknown}


   Skills:
 + Level 1.1 Fighting
 - Level 2.1 Dodging
 - Level 2.0 Stealth
 * Level 2.7 Spellcasting
 + Level 2.3 Conjurations
 * Level 4.8 Air Magic


You had 6 spell levels left.
You knew the following spells:

 Your Spells              Type           Power      Damage    Failure   Level
a - Shock                 Conj/Air       80%        1d8       4%          1

Your spell library contained the following spells:

 Spells                   Type           Power      Damage    Failure   Level
 Static Discharge         Conj/Air       20%        N/A       7%          2
 Swiftness                Air            26%        N/A       8%          3
 Animate Skeleton         Necr           6%         N/A       19%         1
 Pain                     Necr           12%        1d4       19%         1
 Airstrike                Air            13%        N/A       26%         4
 Vampiric Draining        Necr           3%         2d6       50%         3


Dungeon Overview and Level Annotations

Branches:
Dungeon (2/15)

Altars:
Cheibriados

Shops:
D:1 ?(

Annotations:
D:2 Sigmund


Innate Abilities, Weirdness & Mutations

You have a beak for a mouth.
You have claws for feet.


Message History

You see here a hobgoblin corpse.
You open the door.
There is an open door here.
Found a stone staircase leading down.
There is a stone staircase leading down here.
You open the door.
There is an open door here.
You open the door.
There is an open door here.
Sigmund the Dreaded comes into view.
He is wielding a +0 scythe.
Aim: Sigmund, wielding a +0 scythe and wearing a +0 robe (asleep, 100% to hit)
The zap hits Sigmund.
Sigmund shouts!
Sigmund points at you and mumbles some strange words.
You are confused.
Sigmund gestures wildly while chanting.
Sigmund flickers and vanishes!
Deactivating autopickup; reactivate with Ctrl-A.
You bump into the rock wall.
You bump into the rock wall.
You feel less confused. Something hits you.
It was a potion of might.
You feel very mighty all of a sudden.
You hear some strange, mumbled words.
You are confused.
It was a potion of curing.
You feel better.
You hear some strange, mumbled words.
You are confused.
It was a potion of brilliance.
You feel clever all of a sudden. Something hits you!
You bump into the rock wall.
You hear some strange, mumbled words.
Something tries to affect you, but you resist.
You're too confused to cast spells.
Sorry, you're not good enough to have a special ability.
You're too confused to cast spells.
Sorry, you're not good enough to have a special ability.
You start resting.
You feel less confused. Something hits you.
* * * LOW HITPOINT WARNING * * *
You feel a surge of power!
The zap hits something.
You feel a surge of power! Something hits you.
* * * LOW HITPOINT WARNING * * *
You feel a surge of power!
The zap hits something.
Something hits you.
You die...

..######.##.# #.# ######
#.##.# #.# #....###.##.#
#.# #...........# #.#
#...........# ###.####...
#...........# #.........#
#....###.##.####{#.#####.#
#....# #.#.....#.#...
#....###.##.##.#@#####
...............#.......#
......##.###############
......##........
......########## .##...#
.##...# .##...# .##...#


There were no monsters in sight!

Vanquished Creatures
  An adder (D:2)
  4 orcs (D:2)
  6 bats
  5 endoplasms
  3 giant cockroaches
  5 hobgoblins
  A quokka (D:1)
  2 ball pythons (D:2)
  2 frilled lizards (D:1)
  3 goblins
  A kobold (D:1)
  6 rats (D:1)
39 creatures vanquished.

Notes
Turn   | Place    | Note
-------+----------+-------------------------------------------
     0 | D:1      | vurker the Tengu Air Elementalist began the quest for the
                  | Orb.
     0 | D:1      | Reached XP level 1. HP: 10/10 MP: 4/4
   234 | D:1      | Found Kiynos's Antique Weapon Shoppe.
   236 | D:1      | Reached XP level 2. HP: 15/15 MP: 4/6
   388 | D:1      | Found Mushrecu's Magic Scroll Boutique.
   466 | D:1      | Bought a scroll of identify for 22 gold pieces
  1042 | D:2      | Reached XP level 3. HP: 20/20 MP: 1/7
  1262 | D:2      | Reached skill level 1 in Fighting
  1599 | D:2      | Found a snail-covered altar of Cheibriados.
  1833 | D:2      | Noticed Sigmund
  1854 | D:2      | Slain by Sigmund

Illustrated notes

Levels and vault maps discovered:
D:1:      dpeg_arrival_round_b, layout_basic, serial_shops, nicolae_shop_trees,
          nicolae_shop_stone
D:2:      layout_basic, basic_altar, uniq_sigmund

Skill      XL: |  1  2  3 |
---------------+----------+-----
Conjurations   | 2 |  2.3
Fighting       | 1 |  1.1
Dodging        | |  2.1
Stealth        | |  2.0
Spellcasting   | |  2.7
Air Magic      | |  4.8

Action                   || total
-------------------------++-------
Melee: Peck              ||     2
       Unarmed           ||     1
       Spear             ||    11
       Kick              ||     1
 Cast: Shock             ||    73
  Use: Potion            ||     3
Armor: Robe              ||     5
Dodge: Dodged            ||    11

Table legend: (Time is in decaauts)
 A = Elapsed time spent in this place.
 B = Non-inter-level travel time spent in this place.
 C = Inter-level travel time spent in this place.
 D = Time resting spent in this place.
 E = Time spent auto-exploring this place.
 F = Levels seen in this place.
 G = Mean time per level.
                   A        B        C        D        E       F      G
               +--------+--------+--------+--------+--------+-----+--------+
         Total |   1853 |   1826 |     27 |      2 |   1616 |   2 |  926.5 |
       Dungeon |   1853 |   1826 |     27 |      2 |   1616 |   2 |  926.5 |
               +--------+--------+--------+--------+--------+-----+--------+

Top non-repeatable levels by time:
     D:2: 952 daAuts
     D:1: 901 daAuts
